 Dungeon Crawl Stone Soup version 0.24-a0-269-g32ec7ca (webtiles) character file.

Game seed: 14536310507049898913

445 Laiders72 the Cudgeler (level 6, -6/56 HPs)
             Began as a Minotaur Berserker on Apr 21, 2019.
             Was a Priest of Trog.
             Mangled by a gnoll
             ... wielding a +0 flail
              (10 damage)
             ... on level 4 of the Dungeon.
             The game lasted 00:06:16 (3387 turns).

Laiders72 the Cudgeler (Minotaur Berserker)         Turns: 3387, Time: 00:06:17

Health: -6/56      AC:  8    Str: 23    XL:     6   Next: 72%
Magic:  5/5        EV:  9    Int:  4    God:    Trog [***...]
Gold:   236        SH:  0    Dex: 10    Spells: 5/5 levels left

rFire    . . .     SeeInvis .   a - +0 mace
rCold    . . .     Gourm    .   (no shield)
rNeg     . . .     Faith    .   j - +0 chain mail
rPois    .         Spirit   .   (helmet restricted)
rElec    .         Reflect  .   (no cloak)
rCorr    .         Harm     .   (no gloves)
MR       ++...                  (no boots)
Stlth    ..........             (no amulet)
HPRegen  1.18/turn              (no ring)
MPRegen  0.09/turn              (no ring)

@: berserk cooldown, regenerating, slowed, very slow
A: retaliatory headbutt, horns 2
a: Berserk, Trog's Hand, Renounce Religion


You were on level 4 of the Dungeon.
You worshipped Trog.
Trog was most pleased with you.
You were not hungry.

You visited 1 branch of the dungeon, and saw 4 of its levels.

You collected 236 gold pieces.

Inventory:

Hand Weapons
 a - a +0 mace (weapon)
Missiles
 n - 2 tomahawks (quivered)
Armour
 j - a +0 chain mail (worn)
Jewellery
 m - an uncursed ring of see invisible {unknown}
Wands
 p - a wand of acid (11)
Scrolls
 b - a scroll of fear {unknown}
 e - a scroll of teleportation {unknown}
 f - a scroll of blinking {unknown}
 g - a scroll of enchant weapon {unknown}
 h - 5 scrolls of identify {unknown}
 k - a scroll of amnesia {unknown}
Potions
 d - 2 potions of agility {unknown}
 i - 2 potions of might {unknown}
 l - a potion of degeneration {unknown}
 o - 2 potions of curing {unknown}
Comestibles
 c - 5 rations


   Skills:
 + Level 5.5 Fighting
 * Level 7.0 Maces & Flails
 - Level 2.4 Armour
 + Level 4.3 Dodging


You had 5 spell levels left.
You didn't know any spells.
Your spell library was empty.

Dungeon Overview and Level Annotations

Branches:
Dungeon (4/15)
 Temple: D:4-7

Altars:
Cheibriados
Kikubaaqudgha
Sif Muna
Xom


Innate Abilities, Weirdness & Mutations

You reflexively headbutt those who attack you in melee.
You have a pair of horns on your head.


Message History

The gnoll is lightly wounded.
The gnoll barely misses you.
The gnoll shaman hits you with a +0 whip.
* * * LOW HITPOINT WARNING * * *
The gnoll hits you but does no damage. The orc priest completely misses you.
You completely miss the gnoll. Your headbutt misses the gnoll.
The gnoll is lightly wounded.
You feel the effects of Trog's Hand fading.
The gnoll shaman closely misses you. The gnoll closely misses you.
The gnoll hits you with a +0 flail.
* * * LOW HITPOINT WARNING * * *
The orc priest casts a cantrip, but nothing happens.
The gnoll hits you from afar with a +0 spear.
* * * LOW HITPOINT WARNING * * *
The gnoll shaman hits you with a +0 whip.
* * * LOW HITPOINT WARNING * * *
You hit the gnoll. Your headbutt misses the gnoll.
The gnoll is moderately wounded.
The gnoll hits you with a +0 flail!
You die...

##.#≈.#..≈≈..≈≈...#.... ....
#)≈####≈#≈.#⌠...§§#..## $$..
#.≈..#≈#≈..≈..⌠.§##..##
.....##≈≈..≈.#.#≈...####....
..l..##⌠...≈.⌠.≈#..≈⌠.##....
....).##§≈#._⌠.≈≈...####....
.......##..≈^.#⌠..≈.## #.###
......(.############## #.#
........gog@.........# #.###
.........ggo.........###.#..
####........####............
########## #.........#..
#............ #.........#..
###### #.#.#........ #....#
#.#...###.... #....#
#.#...#....#.


You could see a gnoll shaman, 2 orc priests and 3 gnolls.

Vanquished Creatures
  An ogre (D:4)
  2 orc priests
  A hound (D:4)
  4 orc wizards
  6 adders
  2 worms (D:2)
  A dart slug (D:3)
  5 leopard geckos
  8 orcs
  6 bats
  3 giant cockroaches
  7 goblins
  11 hobgoblins
  11 jackals
  14 frilled lizards
  7 kobolds
  6 rats
  A fungus (D:2)
  2 toadstools (D:2)
98 creatures vanquished.

Vanquished Creatures (others)
  2 toadstools (D:2)
2 creatures vanquished.

Grand Total: 100 creatures vanquished

Notes
Turn   | Place    | Note
-------+----------+-------------------------------------------
     0 | D:1      | Laiders72 the Minotaur Berserker began the quest for the
                  | Orb.
     0 | D:1      | Reached XP level 1. HP: 19/19 MP: 0/0
   211 | D:1      | Reached skill level 4 in Maces & Flails
   217 | D:1      | Reached XP level 2. HP: 27/27 MP: 1/1
   282 | D:1      | Reached ** piety under Trog
   286 | D:1      | Reached XP level 3. HP: 11/33 MP: 2/2
   981 | D:2      | Found a faded altar of an unknown god.
  1010 | D:2      | Found an ancient bone altar of Kikubaaqudgha.
  1251 | D:2      | Found a deep blue altar of Sif Muna.
  1286 | D:2      | Reached skill level 5 in Maces & Flails
  1286 | D:2      | Reached XP level 4. HP: 16/41 MP: 3/3
  2055 | D:3      | Reached XP level 5. HP: 21/47 MP: 4/4
  2343 | D:3      | Reached *** piety under Trog
  2486 | D:3      | Found a snail-covered altar of Cheibriados.
  2782 | D:4      | Reached skill level 6 in Maces & Flails
  2791 | D:4      | Reached skill level 5 in Fighting
  2805 | D:4      | Reached XP level 6. HP: 33/56 MP: 5/5
  3032 | D:4      | Found a shimmering altar of Xom.
  3383 | D:4      | Reached skill level 7 in Maces & Flails
  3386 | D:4      | HP: 2/56 [gnoll shaman/+0 whip (3)]
  3387 | D:4      | Mangled by a gnoll

Levels and vault maps discovered:
D:1:      dpeg_arrival_solitude, layout_basic, minmay_lizard_king
D:2:      layout_basic, kiku_gazebo_garden_becter,
          nicolae_overflow_crystal_walls, first_ration,
          chequers_ecumenical_altar_grove, minmay_gold_behind_fungi
D:3:      layout_loops_ring, kennysheep_slug_shrine
D:4:      layout_basic, nicolae_overflow_hidden_temple, tgw_xom

Skill      XL: |  1  2  3  4  5  6 |
---------------+-------------------+-----
Maces & Flails | 4 5 6 7 |  7.0
Fighting       | 4 5 |  5.5
Dodging        | 3 4 |  4.3
Armour         | |  2.4

Action                   |  1- 3 |  4- 6 || total
-------------------------+-------+-------++-------
Melee: Mace              |   103 |   140 ||   243
       Headbutt          |    22 |    18 ||    40
Invok: Berserk           |       |     2 ||     2
       Trog's Hand       |       |     1 ||     1
 Stab: Sleeping          |     1 |       ||     1
  Eat: Chunk             |     1 |     7 ||     8
       Ration            |       |     1 ||     1
Armor: Animal skin       |     4 |       ||     4
       Ring mail         |    18 |       ||    18
       Chain mail        |     6 |    93 ||    99
Dodge: Dodged            |    75 |    79 ||   154

Table legend:
 A = Non-vault XP
 B = Vault XP
 C = Vault XP percentage of total XP
 D = Non-vault monster count
 E = Vault monster count
 F = Vault count percentage of total count
                 A         B        C        D         E       F
            +---------+---------+-------+---------+---------+-------
      Total |     575 |      61 |   9.6 |      78 |      17 |  17.9
            +---------+---------+-------+---------+---------+-------
        D:1 |      45 |      12 |  21.1 |      26 |      10 |  27.8
        D:2 |      53 |       0 |   0.0 |      12 |       0 |   0.0
        D:3 |     144 |       4 |   2.7 |      26 |       1 |   3.7
        D:4 |     333 |      45 |  11.9 |      14 |       6 |  30.0
            +---------+---------+-------+---------+---------+-------
